[ AOE2 MATCH · #507122581 ]
UnrankedMaya vs Burmese
Player's team · LOSS
Rival team · WIN
[ REPLAY ANALYSIS · EXTRACTED FROM THE RECORDED GAME ]
Feudal
16:31
Castle
20:17
Imperial
39:12
| APM avg | 59.7 |
| APM peak | 115 |
| eAPM avg | 26.6 |
| Villagers / military | 134 / 132 |
Focus
⚔️ 40.9% · 🌾 59.1%
Spearman ×45 · Eagle Scout ×35 · Plumed Archer ×33 · Militia ×6 · Trebuchet (Packed) ×6 · Monk ×4
Feudal
8:50
Castle
20:41
Imperial
39:57
| APM avg | 68.6 |
| APM peak | 141 |
| eAPM avg | 43.2 |
| Villagers / military | 183 / 160 |
Focus
⚔️ 40.9% · 🌾 59.1%
Knight ×94 · Scout Cavalry ×37 · Arambai ×9 · Spearman ×8 · Trebuchet (Packed) ×5 · Mangonel ×4
Match map
Initial resources + every placement click. Lines = walls · curves = elevation contours. ◆ gold · ⬟ stone · ● berries · ✦ relic · ◌ wall gap
Your base· Open — 4t gap
ReginLeif's base· Open — unwalled flank
Smoothed initial terrain · ◌ = detected wall gap · hover for details
Inputs per minute
— ferminsin - - ReginLeif
Build order — ferminsin
First 150 of 437 actions detected
| 0:02 | Queue | Villager (Male) |
| 0:02 | Queue | Villager (Male) |
| 0:02 | Queue | Villager (Male) |
| 0:03 | Research | Loom |
| 0:05 | Research | Loom |
| 0:06 | Build | House |
| 0:07 | Build | House |
| 0:12 | Queue | Villager (Male) |
| 0:12 | Queue | Villager (Male) |
| 0:13 | Queue | Villager (Male) |
| 1:26 | Queue | Villager (Male) |
| 2:01 | Build | Lumber Camp |
| 2:16 | Queue | Villager (Male) |
| 2:17 | Queue | Villager (Male) |
| 2:17 | Queue | Villager (Male) |
| 3:03 | Queue | Villager (Male) |
| 3:03 | Queue | Villager (Male) |
| 3:51 | Build | House |
| 3:55 | Queue | Villager (Male) |
| 3:55 | Queue | Villager (Male) |
| 4:15 | Queue | Villager (Male) |
| 4:16 | Queue | Villager (Male) |
| 4:37 | Queue | Villager (Male) |
| 4:38 | Queue | Villager (Male) |
| 4:38 | Queue | Villager (Male) |
| 4:44 | Build | House |
| 5:33 | Queue | Villager (Male) |
| 5:33 | Queue | Villager (Male) |
| 5:33 | Queue | Villager (Male) |
| 5:52 | Queue | Villager (Male) |
| 6:29 | Queue | Villager (Male) |
| 6:29 | Queue | Villager (Male) |
| 6:29 | Queue | Villager (Male) |
| 6:36 | Build | Barracks |
| 7:19 | Queue | Villager (Male) |
| 7:19 | Queue | Villager (Male) |
| 7:19 | Queue | Villager (Male) |
| 7:24 | Build | Mill |
| 7:49 | Queue | Villager (Male) |
| 7:50 | Queue | Villager (Male) |
| 7:57 | Queue | Militia |
| 7:57 | Queue | Militia |
| 8:09 | Build | House |
| 8:23 | Build | House |
| 8:26 | Build | Palisade Wall |
| 8:42 | Build | Mining Camp |
| 8:49 | Queue | Militia |
| 9:10 | Queue | Villager (Male) |
| 9:11 | Queue | Villager (Male) |
| 9:11 | Queue | Villager (Male) |
| 9:33 | Queue | Villager (Male) |
| 9:33 | Queue | Villager (Male) |
| 9:35 | Build | Farm |
| 9:36 | Build | Farm |
| 9:50 | Build | Palisade Wall |
| 9:52 | Build | Palisade Wall |
| 9:52 | Build | Palisade Wall |
| 9:53 | Build | Palisade Wall |
| 9:53 | Build | Palisade Wall |
| 9:54 | Build | Palisade Wall |
| 9:54 | Build | Palisade Wall |
| 10:00 | Queue | Villager (Male) |
| 10:00 | Queue | Villager (Male) |
| 10:01 | Queue | Villager (Male) |
| 10:05 | Build | Palisade Wall |
| 10:05 | Build | Palisade Wall |
| 10:06 | Build | Palisade Wall |
| 10:06 | Build | Palisade Wall |
| 10:06 | Build | Palisade Wall |
| 10:07 | Build | Palisade Wall |
| 10:07 | Build | Palisade Wall |
| 10:08 | Build | Palisade Wall |
| 10:08 | Build | Palisade Wall |
| 10:08 | Build | Palisade Wall |
| 10:24 | Queue | Villager (Male) |
| 10:26 | Build | Farm |
| 10:33 | Build | Farm |
| 10:38 | Build | Palisade Wall |
| 10:48 | Queue | Villager (Male) |
| 10:58 | Build | House |
| 10:59 | Build | House |
| 11:15 | Queue | Militia |
| 11:23 | Build | Mill |
| 11:57 | Queue | Villager (Male) |
| 11:59 | Build | Farm |
| 12:13 | Build | Palisade Wall |
| 12:22 | Queue | Villager (Male) |
| 12:25 | Build | House |
| 12:26 | Build | Palisade Wall |
| 12:27 | Build | Palisade Wall |
| 12:43 | Build | House |
| 12:53 | Build | Farm |
| 12:56 | Queue | Villager (Male) |
| 13:00 | Build | Farm |
| 13:19 | Build | Farm |
| 13:22 | Queue | Villager (Male) |
| 13:35 | Build | Palisade Wall |
| 13:36 | Build | Palisade Wall |
| 13:39 | Queue | Villager (Male) |
| 13:41 | Build | Mining Camp |
| 13:50 | Build | Palisade Wall |
| 13:52 | Build | Palisade Wall |
| 13:53 | Build | Palisade Wall |
| 14:06 | Build | Farm |
| 14:21 | Research | Feudal Age |
| 14:24 | Build | Palisade Wall |
| 14:26 | Build | Palisade Wall |
| 14:32 | Build | Palisade Wall |
| 14:38 | Build | Palisade Wall |
| 14:47 | Queue | Militia |
| 14:57 | Build | Palisade Wall |
| 15:36 | Queue | Villager (Male) |
| 16:22 | Queue | Militia |
| 16:31 | Age | Feudal Age |
| 16:34 | Build | Market |
| 16:38 | Build | Blacksmith |
| 16:54 | Build | Outpost |
| 16:56 | Research | Town Watch |
| 17:35 | Build | Palisade Wall |
| 17:37 | Research | Castle Age |
| 17:59 | Build | Watch Tower |
| 18:03 | Build | Palisade Wall |
| 18:10 | Build | Palisade Wall |
| 18:10 | Build | Palisade Wall |
| 18:15 | Build | Palisade Wall |
| 18:16 | Build | Palisade Wall |
| 18:29 | Research | Fletching |
| 18:29 | Research | Fletching |
| 18:34 | Build | Palisade Wall |
| 18:34 | Build | Palisade Wall |
| 18:45 | Research | Double-Bit Axe |
| 18:45 | Research | Double-Bit Axe |
| 18:46 | Research | Horse Collar |
| 18:50 | Build | Palisade Wall |
| 19:01 | Build | Palisade Wall |
| 19:06 | Build | Palisade Wall |
| 19:08 | Build | Palisade Wall |
| 19:32 | Queue | Villager (Male) |
| 20:17 | Age | Castle Age |
| 20:20 | Build | Castle |
| 20:23 | Research | Bodkin Arrow |
| 20:24 | Queue | Villager (Male) |
| 20:46 | Build | Farm |
| 20:48 | Research | Bow Saw |
| 20:48 | Research | Bow Saw |
| 21:18 | Queue | Villager (Male) |
| 21:40 | Queue | Plumed Archer |
| 21:40 | Queue | Plumed Archer |
| 21:43 | Queue | Villager (Male) |
| 21:47 | Build | Farm |
Build order — ReginLeif
First 150 of 499 actions detected
| 0:00 | Queue | Villager (Male) |
| 0:00 | Queue | Villager (Male) |
| 0:01 | Build | House |
| 0:02 | Build | House |
| 0:04 | Queue | Villager (Male) |
| 0:11 | Queue | Villager (Male) |
| 1:25 | Queue | Villager (Male) |
| 1:59 | Queue | Villager (Male) |
| 1:59 | Queue | Villager (Male) |
| 2:12 | Queue | Villager (Male) |
| 2:12 | Queue | Villager (Male) |
| 2:34 | Build | Lumber Camp |
| 2:48 | Queue | Villager (Male) |
| 2:49 | Queue | Villager (Male) |
| 3:16 | Queue | Villager (Male) |
| 3:36 | Queue | Villager (Male) |
| 3:50 | Build | House |
| 3:50 | Build | House |
| 4:01 | Queue | Villager (Male) |
| 4:01 | Queue | Villager (Male) |
| 4:47 | Queue | Villager (Male) |
| 5:05 | Queue | Villager (Male) |
| 5:36 | Build | Mill |
| 5:41 | Queue | Villager (Male) |
| 6:38 | Research | Feudal Age |
| 7:58 | Build | Barracks |
| 8:09 | Build | Palisade Wall |
| 8:10 | Build | Palisade Wall |
| 8:12 | Build | Palisade Wall |
| 8:15 | Build | Palisade Wall |
| 8:18 | Build | House |
| 8:20 | Build | Palisade Wall |
| 8:39 | Queue | Villager (Male) |
| 8:50 | Age | Feudal Age |
| 8:53 | Research | Loom |
| 9:05 | Queue | Militia |
| 9:14 | Queue | Villager (Male) |
| 9:16 | Build | Stable |
| 9:20 | Queue | Spearman |
| 9:22 | Queue | Villager (Male) |
| 9:35 | Queue | Spearman |
| 9:36 | Queue | Villager (Male) |
| 9:43 | Build | House |
| 9:46 | Queue | Spearman |
| 9:46 | Queue | Spearman |
| 9:53 | Research | Horse Collar |
| 9:53 | Research | Horse Collar |
| 10:07 | Queue | Villager (Male) |
| 10:10 | Queue | Spearman |
| 10:15 | Queue | Scout Cavalry |
| 10:30 | Build | Palisade Wall |
| 10:36 | Queue | Scout Cavalry |
| 10:37 | Queue | Villager (Male) |
| 10:41 | Build | Farm |
| 10:42 | Build | Farm |
| 11:00 | Queue | Spearman |
| 11:04 | Queue | Villager (Male) |
| 11:15 | Build | Farm |
| 11:51 | Queue | Villager (Male) |
| 11:55 | Build | Farm |
| 11:55 | Build | Farm |
| 12:01 | Queue | Villager (Male) |
| 12:02 | Queue | Villager (Male) |
| 12:08 | Build | Farm |
| 12:08 | Queue | Villager (Male) |
| 12:30 | Queue | Villager (Male) |
| 12:33 | Build | Farm |
| 12:34 | Build | Farm |
| 12:37 | Queue | Villager (Male) |
| 12:51 | Build | House |
| 12:52 | Build | Palisade Wall |
| 12:56 | Build | Farm |
| 13:00 | Queue | Villager (Male) |
| 13:01 | Queue | Villager (Male) |
| 13:09 | Queue | Villager (Male) |
| 13:11 | Queue | Spearman |
| 13:18 | Build | Farm |
| 13:37 | Build | Mining Camp |
| 13:39 | Queue | Villager (Male) |
| 13:53 | Queue | Villager (Male) |
| 13:58 | Build | Farm |
| 14:25 | Build | Palisade Gate |
| 14:29 | Build | Palisade Wall |
| 14:35 | Queue | Villager (Male) |
| 14:37 | Build | Farm |
| 14:45 | Queue | Villager (Male) |
| 14:49 | Build | Farm |
| 14:51 | Queue | Villager (Male) |
| 14:53 | Build | House |
| 14:54 | Build | House |
| 14:58 | Build | House |
| 15:14 | Build | Farm |
| 15:28 | Build | House |
| 15:31 | Build | Palisade Wall |
| 15:35 | Build | House |
| 15:42 | Queue | Spearman |
| 15:54 | Build | Farm |
| 16:22 | Queue | Villager (Male) |
| 16:41 | Build | Farm |
| 16:51 | Build | House |
| 16:57 | Build | House |
| 17:03 | Build | House |
| 17:26 | Queue | Villager (Male) |
| 17:28 | Build | Blacksmith |
| 17:49 | Build | Palisade Gate |
| 17:50 | Build | Palisade Wall |
| 17:51 | Build | Palisade Wall |
| 17:56 | Queue | Villager (Male) |
| 18:00 | Research | Castle Age |
| 18:13 | Build | House |
| 18:16 | Build | Palisade Wall |
| 18:34 | Queue | Villager (Male) |
| 19:00 | Queue | Villager (Male) |
| 19:01 | Build | House |
| 19:24 | Build | Palisade Wall |
| 19:25 | Build | Palisade Wall |
| 19:26 | Build | Palisade Wall |
| 19:26 | Build | Palisade Wall |
| 19:27 | Build | Palisade Wall |
| 19:27 | Build | Palisade Wall |
| 19:28 | Build | Palisade Wall |
| 19:46 | Research | Gold Mining |
| 19:46 | Research | Gold Mining |
| 20:38 | Build | Palisade Wall |
| 20:41 | Age | Castle Age |
| 20:44 | Queue | Villager (Male) |
| 20:47 | Build | Town Center |
| 21:01 | Build | Town Center |
| 21:10 | Build | Siege Workshop |
| 21:30 | Queue | Villager (Male) |
| 21:54 | Build | Town Center |
| 21:56 | Queue | Villager (Male) |
| 22:06 | Queue | Villager (Male) |
| 22:07 | Queue | Villager (Male) |
| 22:07 | Queue | Villager (Male) |
| 22:07 | Queue | Villager (Male) |
| 22:07 | Queue | Villager (Male) |
| 22:08 | Queue | Villager (Male) |
| 22:08 | Queue | Villager (Male) |
| 22:08 | Queue | Villager (Male) |
| 22:23 | Queue | Villager (Male) |
| 22:24 | Queue | Villager (Male) |
| 22:32 | Queue | Villager (Male) |
| 22:34 | Queue | Villager (Male) |
| 22:43 | Queue | Mangonel |
| 22:51 | Queue | Villager (Male) |
| 22:52 | Queue | Villager (Male) |
| 22:53 | Queue | Villager (Male) |
| 22:53 | Queue | Villager (Male) |
| 22:53 | Queue | Villager (Male) |
Match timeline
| 6:36 | ferminsin · first_building Barracks |
| 7:58 | ReginLeif · first_building Barracks |
| 8:09 | ReginLeif · wall_segment Palisade Wall x1 |
| 8:10 | ReginLeif · wall_segment Palisade Wall x1 |
| 8:12 | ReginLeif · wall_segment Palisade Wall x1 |
| 8:15 | ReginLeif · wall_segment Palisade Wall x1 |
| 8:20 | ReginLeif · wall_segment Palisade Wall x1 |
| 8:26 | ferminsin · wall_segment Palisade Wall x5 |
| 8:50 | ReginLeif · age_up feudal |
| 9:16 | ReginLeif · first_building Stable |
| 9:50 | ferminsin · wall_segment Palisade Wall x3 |
| 9:52 | ferminsin · wall_segment Palisade Wall x4 |
| 9:52 | ferminsin · wall_segment Palisade Wall x2 |
| 9:53 | ferminsin · wall_segment Palisade Wall x3 |
| 9:53 | ferminsin · wall_segment Palisade Wall x1 |
| 9:54 | ferminsin · wall_segment Palisade Wall x2 |
| 9:54 | ferminsin · wall_segment Palisade Wall x2 |
| 10:05 | ferminsin · wall_segment Palisade Wall x1 |
| 10:05 | ferminsin · wall_segment Palisade Wall x1 |
| 10:06 | ferminsin · wall_segment Palisade Wall x2 |
| 10:06 | ferminsin · wall_segment Palisade Wall x2 |
| 10:06 | ferminsin · wall_segment Palisade Wall x2 |
| 10:07 | ferminsin · wall_segment Palisade Wall x1 |
| 10:07 | ferminsin · wall_segment Palisade Wall x1 |
| 10:08 | ferminsin · wall_segment Palisade Wall x2 |
| 10:08 | ferminsin · wall_segment Palisade Wall x1 |
| 10:08 | ferminsin · wall_segment Palisade Wall x1 |
| 10:30 | ReginLeif · wall_segment Palisade Wall x1 |
| 10:38 | ferminsin · wall_segment Palisade Wall x10 |
| 12:13 | ferminsin · wall_segment Palisade Wall x1 |
| 12:26 | ferminsin · wall_segment Palisade Wall x2 |
| 12:27 | ferminsin · wall_segment Palisade Wall x4 |
| 12:52 | ReginLeif · wall_segment Palisade Wall x7 |
| 13:35 | ferminsin · wall_segment Palisade Wall x2 |
| 13:36 | ferminsin · wall_segment Palisade Wall x3 |
| 13:50 | ferminsin · wall_segment Palisade Wall x1 |
| 13:52 | ferminsin · wall_segment Palisade Wall x1 |
| 13:53 | ferminsin · wall_segment Palisade Wall x1 |
| 14:24 | ferminsin · wall_segment Palisade Wall x1 |
| 14:26 | ferminsin · wall_segment Palisade Wall x1 |
| 14:29 | ReginLeif · wall_segment Palisade Wall x1 |
| 14:32 | ferminsin · wall_segment Palisade Wall x1 |
| 14:38 | ferminsin · wall_segment Palisade Wall x1 |
| 14:57 | ferminsin · wall_segment Palisade Wall x4 |
| 15:31 | ReginLeif · wall_segment Palisade Wall x18 |
| 16:31 | ferminsin · age_up feudal |
| 17:35 | ferminsin · wall_segment Palisade Wall x1 |
| 17:50 | ReginLeif · wall_segment Palisade Wall x3 |
| 17:51 | ReginLeif · wall_segment Palisade Wall x1 |
| 18:03 | ferminsin · wall_segment Palisade Wall x1 |
| 18:10 | ferminsin · wall_segment Palisade Wall x1 |
| 18:10 | ferminsin · wall_segment Palisade Wall x2 |
| 18:15 | ferminsin · wall_segment Palisade Wall x1 |
| 18:16 | ReginLeif · wall_segment Palisade Wall x1 |
| 18:16 | ferminsin · wall_segment Palisade Wall x1 |
| 18:34 | ferminsin · wall_segment Palisade Wall x1 |
| 18:34 | ferminsin · wall_segment Palisade Wall x1 |
| 18:50 | ferminsin · wall_segment Palisade Wall x1 |
| 19:01 | ferminsin · wall_segment Palisade Wall x1 |
| 19:06 | ferminsin · wall_segment Palisade Wall x1 |
| 19:08 | ferminsin · wall_segment Palisade Wall x1 |
| 19:24 | ReginLeif · wall_segment Palisade Wall x1 |
| 19:25 | ReginLeif · wall_segment Palisade Wall x1 |
| 19:26 | ReginLeif · wall_segment Palisade Wall x1 |
| 19:26 | ReginLeif · wall_segment Palisade Wall x1 |
| 19:27 | ReginLeif · wall_segment Palisade Wall x1 |
| 19:27 | ReginLeif · wall_segment Palisade Wall x1 |
| 19:28 | ReginLeif · wall_segment Palisade Wall x1 |
| 20:17 | ferminsin · age_up castle |
| 20:20 | ferminsin · first_building Castle |
| 20:38 | ReginLeif · wall_segment Palisade Wall x1 |
| 20:41 | ReginLeif · age_up castle |
| 21:10 | ReginLeif · first_building Siege Workshop |
| 21:59 | ferminsin · wall_segment Palisade Wall x4 |
| 22:04 | ferminsin · wall_segment Palisade Wall x4 |
| 22:05 | ferminsin · wall_segment Palisade Wall x4 |
| 22:43 | ferminsin · wall_segment Palisade Wall x1 |
| 22:44 | ferminsin · wall_segment Palisade Wall x1 |
| 22:51 | ferminsin · wall_segment Palisade Wall x1 |
| 22:52 | ferminsin · wall_segment Palisade Wall x1 |
| 23:47 | ReginLeif · first_building Monastery |
| 24:13 | ferminsin · first_market_buy 100 wood |
| 25:33 | ferminsin · wall_segment Palisade Wall x1 |
| 25:34 | ferminsin · wall_segment Palisade Wall x1 |
| 25:35 | ferminsin · wall_segment Palisade Wall x1 |
| 25:53 | ferminsin · first_building Siege Workshop |
| 27:02 | ferminsin · first_building Monastery |
| 27:33 | ferminsin · wall_segment Palisade Wall x1 |
| 27:34 | ferminsin · wall_segment Palisade Wall x1 |
| 27:34 | ferminsin · wall_segment Palisade Wall x2 |
| 27:34 | ferminsin · wall_segment Palisade Wall x1 |
| 28:10 | ferminsin · first_market_sell 100 wood |
| 32:02 | ReginLeif · first_building Castle |
| 32:21 | ferminsin · wall_segment Palisade Wall x1 |
| 32:53 | ferminsin · wall_segment Palisade Wall x1 |
| 33:19 | ferminsin · wall_segment Palisade Wall x1 |
| 36:45 | ReginLeif · first_market_sell 100 wood |
| 39:12 | ferminsin · age_up imperial |
| 39:57 | ReginLeif · age_up imperial |
| 43:55 | ReginLeif · first_market_buy 100 stone |
| 46:06 | ferminsin · resign |
[ AI ANALYSIS · 1 CREDIT ]
What really happened in this match?
Wolo.gg analyzes every decision: build order, eco, micro, common mistakes by bracket. Personalized analysis on WhatsApp or Discord in 30 seconds.
Civ guide
Maya
Perfil
Jugador #9211917